 Dungeon Crawl Stone Soup version 0.31-a0-232-gb1c03b2570 (webtiles) character file.

Game seed: 15065482428544040532

329 qw the Shooter (level 6, -1/52 HPs)
             Began as a Minotaur Hexslinger on July 7, 2023.
             Frozen to death by an endoplasm (4 damage)
             ... on level 4 of the Dungeon.
             The game lasted 00:01:12 (2854 turns).

qw the Shooter (Minotaur Hexslinger)                Turns: 2854, Time: 00:01:13

Health: -1/52      AC: 10    Str: 12    XL:     6   Next: 25%
Magic:  6/6        EV: 11    Int: 10    God:
Gold:   87         SH:  0    Dex: 15    Spells: 6/7 levels left

rFire   . . .        Y - +1 sling
rCold   . . .        (no shield)
rNeg    . . .        l - +0 ring mail
rPois   .            (helmet restricted)
rElec   .            (no cloak)
rCorr   .            c - +0 pair of gloves of Precision Catastrophes {Will+}
SInv    .            (no boots)
Will    +....        (no amulet)
Stlth   +            d - +4 ring of protection
HPRegen 0.28/turn    (no ring)
MPRegen 0.10/turn

%: no passive effects
@: no status effects
A: horns 2, retaliatory headbutt
a: no special abilities


You were on level 4 of the Dungeon.
You visited 1 branch of the dungeon, and saw 4 of its levels.

You collected 175 gold pieces.
You spent 88 gold pieces at shops.


Innate Abilities, Weirdness & Mutations

You have a pair of horns on your head.
You reflexively headbutt those who attack you in melee.


   Skills:
 - Level 4.0 Fighting
 + Level 6.2 Ranged Weapons
 - Level 1.1 Armour
 - Level 2.1 Dodging
 - Level 1.0 Spellcasting
 - Level 2.0 Hexes


You had 6 spell levels left.
You knew the following spells:

 Your Spells              Type           Power      Damage    Failure   Level
a - Slow                  Hex            16%        N/A       34%         1

Your spell library contained the following spells:

 Spells                   Type           Power      Damage    Failure   Level
 Inner Flame              Hex/Fire       2%         N/A       83%         3
 Portal Projectile        Hex/Tloc       4%         N/A       83%         3
 Cause Fear               Hex            2%         N/A       98%         4

Inventory:

Hand Weapons
 Y - a +1 sling (weapon)
Armour
 c - the +0 pair of gloves of Precision Catastrophes (worn) {Will+}
   (You acquired it on level 2 of the Dungeon)

   Will:      It increases your willpower.
 l - a +0 ring mail (worn)
Jewellery
 d - a +4 ring of protection (left hand)
Scrolls
 a - 5 scrolls of identify
Potions
 b - 2 potions of curing
 f - a potion of resistance
 k - 2 potions of enlightenment

Dungeon Overview and Level Annotations

Branches:
Dungeon (4/15)
 Temple: D:4-7

Altars:
Dithmenos
Elyvilon
Kikubaaqudgha
Sif Muna
Vehumet

Shops:
D:1 [   D:3 =

Annotations:
D:3 1 runed translucent door, Crazy Yiuf


Message History

The gnoll closely misses you.
The gnoll throws a throwing net.
The throwing net hits you.
You become entangled in the net!
You struggle against the net.
The gnoll hits you but does no damage. x2
You struggle against the net.
The gnoll hits you from afar with a +0 spear.
The gnoll hits you with a +0 whip!
You struggle against the net.
The gnoll hits you but does no damage. The gnoll hits you with a +0 whip.
You rip the net and break free!
The gnoll hits you but does no damage. x2
An endoplasm comes into view.
You shoot a sling bullet.
The sling bullet barely misses the gnoll.
The endoplasm quivers.
The gnoll hits you with a +0 whip.
The gnoll throws a throwing net.
The throwing net hits you.
You become entangled in the net!
You struggle against the net.
The gnoll hits you but does no damage. The gnoll hits you with a +0 whip.
You struggle against the net.
The gnoll hits you from afar with a +0 spear.
The gnoll hits you with a +0 whip.
You shred the net and break free! The gnoll hits you but does no damage.
The gnoll misses you.
You shoot a sling bullet.
The sling bullet closely misses the gnoll.
The gnoll hits you from afar with a +0 spear!
The gnoll barely misses you. The gnoll hits you with a +0 whip.
The gnoll closely misses you.
You shoot a sling bullet.
The sling bullet closely misses the gnoll.
The gnoll hits you but does no damage.
The endoplasm hits you but does no damage.
The gnoll hits you but does no damage.
You shoot a sling bullet. The sling bullet hits the gnoll.
The gnoll is lightly wounded.
The gnoll barely misses you. x2
The endoplasm freezes you.
You are frozen.
You die...

########
#......#
#......#
#......#
#[.....#####.###
#......%........
#....<.#.###..#
#......#..#
#......##@#
#......##gJ.#
#########..g...
.........
.....)...
..........
##........
#....$...


You could see 2 gnolls and an endoplasm.

Vanquished Creatures
  Jessica (D:2)
  An iguana (D:4)
  5 orc wizards (D:3)
  Robin (D:3)
  2 gnolls (D:4)
  2 adders
  2 worms (D:2)
  6 dart slugs
  8 orcs
  8 endoplasms
  5 giant cockroaches
  11 goblins
  7 hobgoblins
  6 kobolds
  A quokka (D:1)
  3 ball pythons
  6 bats
  2 frilled lizards (D:1)
  7 rats
84 creatures vanquished.

Notes
Turn   | Place    | Note
-------+----------+-------------------------------------------
     0 | D:1      | qw the Minotaur Hexslinger began the quest for the Orb.
     0 | D:1      | Reached XP level 1. HP: 16/16 MP: 1/1
     0 | D:1      | 0 ||| qw: Version: 0.3-a-46-gb1f654a
     0 | D:1      | 0 ||| qw: Game counter: 2395
     0 | D:1      | 0 ||| qw: Melee chars always use a shield: true
     0 | D:1      | 0 ||| qw: God list: Okawaru
     0 | D:1      | 0 ||| qw: Allow faded altars: false
     0 | D:1      | 0 ||| qw: Do Orc after clearing Dungeon:15 true
     0 | D:1      | 0 ||| qw: Do second Lair branch before Depths: true
     0 | D:1      | 0 ||| qw: Lair rune preference: random
     0 | D:1      | 0 ||| qw: Goals: Normal
     0 | D:1      | 0 ||| PLANNING D:1-11
   176 | D:1      | 176 ||| Stepping ~*~*~tactically~*~*~ (outnumbered).
   178 | D:1      | 178 ||| Stepping ~*~*~tactically~*~*~ (outnumbered).
   180 | D:1      | 180 ||| Stepping ~*~*~tactically~*~*~ (outnumbered).
   185 | D:1      | Reached skill level 3 in Ranged Weapons
   185 | D:1      | Reached XP level 2. HP: 21/23 MP: 2/2
   299 | D:1      | 299 ||| FLEEEEING.
   300 | D:1      | 300 ||| FLEEEEING.
   338 | D:1      | Found Waryiw's Antique Armour Emporium.
   346 | D:1      | 346 ||| SHOPLISTING +3 hat of Pondering {ponderous, Will+
                  | MP+10 Int+5} (838 gold, have 95).
   346 | D:1      | 346 ||| SHOPLISTING fabulously ornate robe (125 gold, have
                  | 95).
   346 | D:1      | 346 ||| BUYING ring mail (88 gold).
   346 | D:1      | Bought a ring mail for 88 gold pieces
   361 | D:1      | Reached XP level 3. HP: 29/29 MP: 3/3
   688 | D:1      | 688 ||| UPGRADING to +0 leather armour.
   698 | D:1      | 698 ||| DROPPING +0 robe.
   699 | D:1      | 699 ||| UPGRADING to +0 pair of gloves.
   704 | D:1      | 704 ||| UPGRADING to +0 ring mail.
   714 | D:1      | 714 ||| DROPPING +0 leather armour.
   715 | D:1      | 715 ||| UPGRADING to +4 ring of protection.
   716 | D:1      | 716 ||| READING 4 scrolls labelled WUAFUT ED OCIE.
   717 | D:1      | 717 ||| READING scroll labelled XOTURH BOCURU.
   718 | D:1      | 718 ||| READING scroll labelled LOWIRI NAGAS.
   719 | D:1      | 719 ||| READING 3 scrolls of identify.
   719 | D:1      | 719 ||| IDENTIFYING silvery potion
   720 | D:1      | 720 ||| READING 2 scrolls of identify.
   720 | D:1      | 720 ||| IDENTIFYING blue potion
   721 | D:1      | 721 ||| DROPPING scroll of poison.
   722 | D:1      | 722 ||| DROPPING potion of berserk rage.
   746 | D:2      | Noticed Jessica
   756 | D:2      | Killed Jessica
   757 | D:2      | Reached skill level 4 in Ranged Weapons
   757 | D:2      | 757 ||| FLEEEEING.
   758 | D:2      | 758 ||| FLEEEEING.
   759 | D:2      | 759 ||| FLEEEEING.
   760 | D:2      | 760 ||| FLEEEEING.
   761 | D:2      | 761 ||| FLEEEEING.
   762 | D:2      | 762 ||| FLEEEEING.
   763 | D:2      | 763 ||| FLEEEEING.
   764 | D:2      | 764 ||| STAIRDANCE
   848 | D:2      | Reached XP level 4. HP: 36/36 MP: 4/4
   904 | D:2      | Reached skill level 1 in Armour
   904 | D:2      | You fall into a shaft and drop 2 floors!
   905 | D:4      | 905 ||| READING scroll labelled CUEB NER PEUNN.
   917 | D:3      | Found a white marble altar of Elyvilon.
   967 | D:3      | 967 ||| READING 2 scrolls of identify.
   967 | D:3      | 967 ||| IDENTIFYING brown potion
  1093 | D:2      | Found a faded altar of an unknown god.
  1564 | D:2      | 1564 ||| READING scroll labelled FIAFOS ZAEDA.
  1564 | D:2      | Identified a scroll of acquirement
  1564 | D:2      | 1564 ||| ACQUIRING +0 pair of gloves of Precision
                  | Catastrophes {Will+}
  1564 | D:2      | Acquired the +0 pair of gloves of Precision Catastrophes
                  | {Will+}
  1566 | D:2      | 1566 ||| UPGRADING to +0 pair of gloves of Precision
                  | Catastrophes {Will+}.
  1576 | D:2      | 1576 ||| DROPPING +0 pair of gloves.
  1577 | D:2      | 1577 ||| READING 5 scrolls of identify.
  1577 | D:2      | 1577 ||| IDENTIFYING lumpy puce potion
  1578 | D:2      | 1578 ||| DROPPING potion of degeneration.
  1631 | D:3      | Found a shadowy altar of Dithmenos.
  1682 | D:3      | Noticed Robin
  1685 | D:3      | Reached skill level 5 in Ranged Weapons
  1702 | D:3      | Killed Robin
  1844 | D:3      | Reached skill level 3 in Fighting
  1844 | D:3      | Reached XP level 5. HP: 37/45 MP: 5/5
  1895 | D:3      | Found a runed translucent door.
  1896 | D:3      | Noticed Crazy Yiuf
  1974 | D:3      | Found an ancient bone altar of Kikubaaqudgha.
  2073 | D:3      | Found a radiant altar of Vehumet.
  2093 | D:3      | Found a shimmering blue altar of Sif Muna.
  2100 | D:3      | Reached skill level 6 in Ranged Weapons
  2153 | D:3      | Reached XP level 6. HP: 51/51 MP: 6/6
  2203 | D:3      | Found Cuntagg's One-of-a-Kind Rings.
  2208 | D:3      | 2208 ||| SHOPLISTING +2 ring of slaying (210 gold, have
                  | 68).
  2208 | D:3      | 2208 ||| SHOPLISTING +3 ring of dexterity (100 gold, have
                  | 68).
  2208 | D:3      | 2208 ||| SHOPLISTING ring of Behuf {rC+ Int+6} (446 gold,
                  | have 68).
  2687 | D:3      | 2687 ||| READING scroll labelled OJYCRY FIZXISH.
  2755 | D:3      | 2755 ||| READING scroll labelled VOTHITW HOLIO.
  2756 | D:3      | 2756 ||| DRINKING 2 metallic brown potions.
  2850 | D:4      | HP: 11/52 [gnoll/+0 whip (4)]
  2852 | D:4      | HP: 4/52 [gnoll/+0 spear (7)]
  2854 | D:4      | Frozen to death by an endoplasm

Levels and vault maps discovered:
D:1:      lemuel_arrival_hallway, layout_loops_ring, serial_shops, shop
D:2:      layout_basic, hellmonk_ecumenical_altar_pennies_from_heaven,
          uniq_jessica
D:3:      layout_basic, palyth_temple_overflow_mages, elyvilon_altar_5,
          nicolae_overflow_crystal_walls, minivault_23, minmay_misc_feat_roman,
          dreamdust_mushroom_princess, minmay_misc_feat_enclosed,
          nicolae_shop_unique_rings, lemuel_flame_loot_1, uniq_robin,
          uniq_crazy_yiuf_cottage
D:4:      layout_rooms, slow_altar_2, minmay_starry_boxes

Skill      XL: |  1  2  3  4  5  6 |
---------------+-------------------+-----
Ranged Weapons | 3 4 5 6 |  6.2
Fighting       | 2 3 4 |  4.0
Armour         | 1 |  1.1
Dodging        | |  2.1
Spellcasting   | |  1.0
Hexes          | |  2.0

Action                     |  1- 3 |  4- 6 || total
---------------------------+-------+-------++-------
   Fire: Sling             |   104 |   186 ||   290
    Use: Scroll            |     5 |     6 ||    11
         Potion            |       |     1 ||     1
 Armour: Robe              |    16 |       ||    16
         Ring mail         |       |    76 ||    76
  Dodge: Dodged            |    32 |    80 ||   112

Table legend:
 A = Non-vault XP
 B = Vault XP
 C = Vault XP percentage of total XP
 D = Non-vault monster count
 E = Vault monster count
 F = Vault count percentage of total count
                 A         B        C        D         E       F
            +---------+---------+-------+---------+---------+-------
      Total |     261 |     210 |  44.6 |      69 |      15 |  17.9
            +---------+---------+-------+---------+---------+-------
        D:1 |      56 |       0 |   0.0 |      29 |       0 |   0.0
        D:2 |      52 |      37 |  41.6 |      18 |       1 |   5.3
        D:3 |      70 |     173 |  71.2 |      16 |      14 |  46.7
        D:4 |      83 |       0 |   0.0 |       6 |       0 |   0.0
            +---------+---------+-------+---------+---------+-------
